 Dungeon Crawl Stone Soup version 0.29-a0-231-g945431f764 (webtiles) character file.

Game seed: 4085590280633452575

4111 drugrobin the Cleaver (level 9, 0/78 HPs)
             Began as a Demigod Fighter on Feb 28, 2022.
             Slain by an orc warrior
             ... wielding a +0 mace
              (1 damage)
             ... on level 7 of the Dungeon.
             The game lasted 00:19:23 (11928 turns).

drugrobin the Cleaver (Demigod Fighter)            Turns: 11928, Time: 00:19:25

Health: 0/78       AC: 15    Str: 29    XL:     9   Next: 78%
Magic:  11/11      EV:  7    Int: 10    God:
Gold:   254        SH:  7    Dex: 13    Spells: 8/8 levels left

rFire   + . .      SeeInvis .   a - +0 war axe
rCold   . . .      Faith    .   m - +2 buckler
rNeg    . . .      Spirit   .   K - +0 plate armour
rPois   .          Reflect  .   y - +0 helmet
rElec   .          Harm     .   (no cloak)
rCorr   .          Rampage  .   I - +0 pair of gloves
Will    .....                   (no boots)
Stlth   ..........              (no amulet)
HPRegen 0.23/turn               F - ring of protection from fire
MPRegen 0.12/turn               (no ring)

@: no status effects
A: high MP 1, forlorn, divine attributes
a: no special abilities


You were on level 7 of the Dungeon.
You visited 1 branch of the dungeon, and saw 8 of its levels.

You collected 254 gold pieces.

Inventory:

Hand Weapons
 a - a +0 war axe (weapon)
 s - a +0 hand axe
Missiles
 e - 180 stones
 f - 18 poisoned darts
 A - 6 boomerangs (quivered)
 D - a curare-tipped dart
Armour
 i - a +0 kite shield
 m - a +2 buckler (worn)
 v - the +1 robe of Dithmenos's Hope {Will+ Str+4 Int+2}
   (You found it on level 4 of the Dungeon)

   Str:       It affects your strength (+4).
   Int:       It affects your intelligence (+2).
   Will:      It increases your willpower.
 y - a +0 helmet (worn)
 I - a +0 pair of gloves (worn)
 K - a +0 plate armour (worn)
Jewellery
 p - a ring of fire
 F - a ring of protection from fire (left hand)
Wands
 z - a wand of flame (5)
 B - a wand of mindburst (4)
 H - a wand of polymorph (5)
Scrolls
 c - 2 scrolls of acquirement {unknown}
 g - 7 scrolls of identify {unknown}
 h - 3 scrolls of vulnerability {unknown}
 k - 7 scrolls of teleportation {unknown}
 n - 2 scrolls of blinking {unknown}
 q - 2 scrolls of enchant armour {unknown}
 r - 3 scrolls of fear {unknown}
 t - 2 scrolls of noise {unknown}
 x - a scroll of enchant weapon {unknown}
 C - a scroll of immolation {unknown}
 G - 3 scrolls of magic mapping {unknown}
Potions
 d - 2 potions of might
 j - 3 potions of curing
 l - a potion of brilliance {unknown}
 o - a potion of mutation {unknown}
 u - 4 potions of heal wounds {unknown}
 w - a potion of flight {unknown}
 E - a potion of ambrosia {unknown}


   Skills:
 + Level 6.5 Fighting
 * Level 8.7 Axes
 + Level 6.5 Armour
 + Level 6.5 Shields


You had 8 spell levels left.
You didn't know any spells.
Your spell library contained the following spells:

 Spells                   Type           Power      Damage    Failure   Level
 Summon Small Mammal      Summ           0%         N/A       99%         1
 Ensorcelled Hibernation  Hex/Ice        0%         N/A       100%        2
 Passwall                 Tmut/Erth      0%         N/A       100%        2
 Call Canine Familiar     Summ           0%         N/A       100%        3
 Frozen Ramparts          Ice            0%         1d2       100%        3
 Portal Projectile        Hex/Tloc       0%         N/A       100%        3
 Summon Guardian Golem    Hex/Summ       0%         N/A       100%        3
 Swiftness                Air            0%         N/A       100%        3
 Ice Form                 Ice/Tmut       0%         N/A       100%        4
 Summon Ice Beast         Ice/Summ       0%         N/A       100%        4
 Blade Hands              Tmut           0%         N/A       100%        5
 Excruciating Wounds      Necr           0%         N/A       100%        5


Dungeon Overview and Level Annotations

Branches:
Dungeon (8/15)             Temple (0/1) D:6            Lair (0/6) D:8

Annotations:
D:2 1 runed translucent door, Crazy Yiuf, Terence


Innate Abilities, Weirdness & Mutations

You have an increased reservoir of magic. (+10% MP)
You shall have no god before yourself.
Your divine heritage dramatically boosts your attributes as you level up.


Message History

You hit the orc warrior but do no damage.
The orc warrior is almost dead.
The orc warrior hits you with a +0 mace.
* * * LOW HITPOINT WARNING * * *
You closely miss the orc warrior.
The orc warrior is almost dead.
The orc warrior hits you with a +0 mace!
* * * LOW HITPOINT WARNING * * *
There is a stone staircase leading down here.
Aiming: Throw Flame
Press: ? - help, Shift-Dir - straight line, f - orc warrior
Aim: an orc warrior, wielding a +0 mace and wearing a +0 plate armour (almost dead, 68% to hit)
The puff of flame misses the orc warrior.
The orc warrior hits you but does no damage.
Aiming: Throw Flame
Press: ? - help, Shift-Dir - straight line, f/p - orc warrior
Aim: an orc warrior, wielding a +0 mace and wearing a +0 plate armour (almost dead, 68% to hit)
The puff of flame hits the orc warrior but does no damage.
The orc warrior is almost dead.
The orc warrior hits you with a +0 mace.
* * * LOW HITPOINT WARNING * * *
Aiming: Throw Flame
Press: ? - help, Shift-Dir - straight line, f/p - orc warrior
Aim: an orc warrior, wielding a +0 mace and wearing a +0 plate armour (almost dead, 68% to hit)
The puff of flame hits the orc warrior.
The orc warrior is almost dead.
The orc warrior hits you with a +0 mace!
* * * LOW HITPOINT WARNING * * *
Aiming: Throw Flame
Press: ? - help, Shift-Dir - straight line, f/p - orc warrior
Aim: an orc warrior, wielding a +0 mace and wearing a +0 plate armour (almost dead, 68% to hit)
The puff of flame misses the orc warrior.
The orc warrior hits you but does no damage.
Aiming: Throw Flame
Press: ? - help, Shift-Dir - straight line, f/p - orc warrior
Aim: an orc warrior, wielding a +0 mace and wearing a +0 plate armour (almost dead, 68% to hit)
The puff of flame hits the orc warrior but does no damage.
The orc warrior is almost dead.
The orc warrior hits you with a +0 mace.
You die...

#.......................#####.##
####################.#### #.#
#.########.# ######.......)..#
#...........######
#.####..#......... #.#
#..#...###### #.# #......# #@#
##.###.###### #o# #..o...[....
#.#########.###### #...........#
#############


You could see an orc warrior.

Vanquished Creatures
  The ghost of Cancer the Geomancer, a novice GrEE (D:7)
  A komodo dragon (D:8)
  Psyche (D:8)
  Grinder (D:6)
  Duvessa (D:6)
  3 water moccasins
  An ice beast (D:7)
  2 sky beasts
  2 orc warriors
  2 black bears (D:5)
  A centaur (D:8)
  Blork the orc (D:5)
  3 bullfrogs
  A kobold brigand (D:6)
  2 scorpions (D:6)
  A gnoll sergeant (D:7)
  Dowan (D:6)
  5 killer bees (D:8)
  2 howler monkeys
  4 hounds
  2 jellies (D:6)
  4 orc priests
  A gnoll shaman (D:7)
  Jessica (D:3)
  5 orc wizards
  3 iguanas
  Natasha (thrice) (D:2)
  6 gnolls (D:7)
  8 adders
  9 river rats (D:5)
  A shadow imp (D:3)
  4 white imps
  25 orcs
  7 ball pythons
  5 bats
  6 endoplasms
  4 giant cockroaches
  11 goblins
  3 hobgoblins
  3 jackals
  9 kobolds
  9 quokkas
  3 frilled lizards
  15 rats
183 creatures vanquished.

Vanquished Creatures (others)
  A fungus (D:8)
  6 plants
7 creatures vanquished.

Grand Total: 190 creatures vanquished

Notes
Turn   | Place    | Note
-------+----------+-------------------------------------------
     0 | D:1      | drugrobin the Demigod Fighter began the quest for the Orb.
     0 | D:1      | Reached XP level 1. HP: 18/18 MP: 3/3
    54 | D:1      | Reached skill level 2 in Axes
   158 | D:1      | Reached XP level 2. HP: 25/25 MP: 4/4
  1072 | D:2      | Found a runed translucent door.
  1073 | D:2      | Noticed Crazy Yiuf
  1277 | D:2      | Noticed Natasha
  1287 | D:2      | Killed Natasha
  1288 | D:2      | Reached XP level 3. HP: 16/31 MP: 5/5
  1456 | D:2      | Noticed Terence
  1505 | D:2      | Noticed Natasha
  2215 | D:3      | Reached skill level 3 in Axes
  2251 | D:3      | Noticed Jessica
  2254 | D:3      | Killed Jessica
  2255 | D:3      | Reached XP level 4. HP: 34/38 MP: 6/6
  3103 | D:3      | Noticed a sky beast
  3139 | D:3      | Killed a sky beast
  3140 | D:3      | Reached XP level 5. HP: 45/45 MP: 7/7
  3723 | D:2      | Killed Natasha
  3831 | D:2      | Noticed Natasha
  3854 | D:2      | Killed Natasha
  4262 | D:4      | Reached skill level 4 in Axes
  4477 | D:4      | Reached XP level 6. HP: 46/52 MP: 8/8
  4590 | D:4      | Identified the +1 robe of Dithmenos's Hope {Will+ Str+4
                  | Int+2}
  5422 | D:5      | Entered Level 5 of the Dungeon
  6222 | D:5      | Reached skill level 5 in Axes
  6222 | D:5      | Reached XP level 7. HP: 52/59 MP: 9/9
  7294 | D:5      | Noticed Blork the orc
  7297 | D:5      | Killed Blork the orc
  7856 | D:6      | Found a staircase to the Ecumenical Temple.
  8158 | D:6      | Reached XP level 8. HP: 67/67 MP: 10/10
  8167 | D:6      | Reached skill level 6 in Axes
  8201 | D:6      | Reached skill level 5 in Armour
  8502 | D:6      | Reached skill level 5 in Fighting
  8549 | D:6      | Noticed Duvessa
  8550 | D:6      | Noticed Dowan
  8576 | D:6      | Killed Duvessa
  8577 | D:6      | Reached skill level 5 in Shields
  8582 | D:6      | Killed Dowan
  9019 | D:6      | Noticed Grinder
  9021 | D:6      | Paralysed by Grinder for 4 turns
  9033 | D:6      | Killed Grinder
  9123 | D:6      | Reached skill level 7 in Axes
  9204 | D:7      | Found a transporter.
  9240 | D:7      | Noticed Cancer's ghost (novice GrEE)
  9247 | D:7      | Found a transporter.
  9863 | D:7      | Reached XP level 9. HP: 73/75 MP: 11/11
 10473 | D:7      | Killed Cancer's ghost
 10832 | D:7      | Reached skill level 8 in Axes
 10967 | D:8      | Noticed a komodo dragon
 10983 | D:8      | Killed a komodo dragon
 11097 | D:8      | Noticed Psyche
 11120 | D:8      | Killed Psyche
 11784 | D:8      | Found a staircase to the Lair.
 11926 | D:7      | HP: 1/78 [orc warrior/+0 mace (10)]
 11928 | D:7      | Slain by an orc warrior

Illustrated notes

Levels and vault maps discovered:
D:1:      ncdulo_wetmaze, layout_loops_cross,
          shapermc_ecumenical_altar_hornbeckon
D:2:      layout_rooms, basic_altar, chequers_mini_garden, st_stairs_2,
          interstate_on_off, uniq_terence, uniq_crazy_yiuf_cottage, uniq_natasha
D:3:      layout_basic, mainiacjoe_overflow_paths, uniq_jessica
D:4:      layout_loops_corners, nicolae_uskayaw_murder_on_the_dancefloor
D:5:      lemuel_ratsnest, layout_basic, uniq_blork_the_orc
D:6:      layout_gridville, minmay_temple_entry_proselytizer, uniq_duvessa,
          uniq_grinder
D:7:      minmay_recursive_quarters, layout_loops_ring, gammafunk_ghost_arena,
          kennysheep_path_1
D:8:      layout_rooms, grunt_lair_entry_orc_guard_hut, uniq_psyche

Skill      XL: |  1  2  3  4  5  6  7  8  9 |
---------------+----------------------------+-----
Axes           | 2 3 4 5 7 8 |  8.7
Armour         | 3 4 5 6 |  6.5
Fighting       | 3 4 5 6 |  6.5
Shields        | 3 4 5 6 |  6.5

Action                   |  1- 3 |  4- 6 |  7- 9 || total
-------------------------+-------+-------+-------++-------
Melee: War axe           |    98 |   182 |   341 ||   621
       Hand axe          |       |    26 |       ||    26
Throw: Dart              |    10 |    23 |    10 ||    43
       Stone             |     1 |     4 |       ||     5
       Boomerang         |       |     3 |    21 ||    24
Evoke: Wand              |       |       |    22 ||    22
  Use: Potion            |       |       |     2 ||     2
Armor: Scale mail        |    55 |    71 |   103 ||   229
       Plate armour      |       |       |    47 ||    47
Dodge: Dodged            |    35 |    83 |   126 ||   244
Block: Kite shield       |    15 |       |       ||    15
       Buckler           |    20 |    52 |   135 ||   207

Table legend: (Time is in decaauts)
 A = Elapsed time spent in this place.
 B = Non-inter-level travel time spent in this place.
 C = Inter-level travel time spent in this place.
 D = Time resting spent in this place.
 E = Time spent auto-exploring this place.
 F = Levels seen in this place.
 G = Mean time per level.
                   A        B        C        D        E       F      G
               +--------+--------+--------+--------+--------+-----+--------+
         Total |  12144 |  11447 |    697 |   2948 |   6209 |   8 | 1518.0 |
       Dungeon |  12144 |  11447 |    697 |   2948 |   6209 |   8 | 1518.0 |
               +--------+--------+--------+--------+--------+-----+--------+

Top non-repeatable levels by time:
     D:7: 1940 daAuts
     D:5: 1822 daAuts
     D:4: 1695 daAuts
     D:6: 1614 daAuts
     D:2: 1612 daAuts
     D:3: 1491 daAuts
     D:1: 1214 daAuts
     D:8: 751 daAuts
